 Dungeon Crawl Stone Soup version 0.21-a0-186-g02e8684 (webtiles) character file.

210 wolfsongas the Poker (level 5, -20/38 HPs)
             Began as a Demonspawn Gladiator on Aug 13, 2017.
             Engulfed by a cloud of flame (21 damage)
             ... on level 2 of the Dungeon.
             The game lasted 00:03:02 (2473 turns).

wolfsongas the Poker (Demonspawn Gladiator)         Turns: 2473, Time: 00:03:03

Health: -20/38     AC:  5    Str: 16    XL:     5   Next: 57%
Magic:  5/5        EV: 11    Int:  9    God:
Gold:   73         SH:  0    Dex: 14    Spells: 4/4 levels left

rFire    . . .     SeeInvis .   a - +0 trident
rCold    . . .     Gourm    .   (no shield)
rNeg     . . .     Faith    .   n - +0 ring mail
rPois    .         Spirit   .   (helmet restricted)
rElec    .         Reflect  .   (no cloak)
rCorr    .         Harm     .   (no gloves)
MR       .....                  (no boots)
Stlth    +.........             (no amulet)
HPRegen  0.12/turn              (no ring)
MPRegen  0.09/turn              (no ring)

@: very slightly contaminated, drained
A: antennae 1, powered by pain 1, rot immunity
a: no special abilities


You were on level 2 of the Dungeon.
You were not hungry.

You visited 1 branch of the dungeon, and saw 3 of its levels.

You collected 73 gold pieces.

Inventory:

Hand Weapons
 a - a +0 trident (weapon)
Missiles
 d - 3 throwing nets (quivered)
Armour
 c - a +0 helmet
 n - a +0 ring mail (worn)
Scrolls
 b - 4 scrolls of identify
 f - a scroll of enchant armour {unknown}
 g - a scroll of magic mapping {unknown}
 k - 4 scrolls of remove curse
Potions
 e - a potion of curing {unknown}
 i - a potion of lignification
 j - 2 potions of heal wounds
 m - a potion of mutation {unknown}
Comestibles
 h - 2 royal jellies
 o - 2 chunks of flesh


   Skills:
 - Level 2.0(1.5) Fighting
 * Level 5.3(4.8) Polearms
 - Level 1.7(1.3) Throwing
 + Level 1.5(1.0) Armour
 - Level 2.6(2.2) Dodging
 + Level 0.8(0.3) Stealth


You had 4 spell levels left.
You didn't know any spells.

Dungeon Overview and Level Annotations

Branches:
Dungeon (3/15)

Altars:
Dithmenos
Makhleb
Okawaru


Innate Abilities, Weirdness & Mutations

You have a pair of small antennae on your head.
You sometimes gain a little power by taking damage.
You are immune to rotting.


Message History

The creatures around you are filled with an inner flame!
It was a scroll of immolation.
The orc wizard miscasts a cantrip.
Blink to where?
Press: ? - help, Dir - move target cursor, p - orc wizard You are very lightly contaminated with residual magic.
As you read the scroll labeled FEURE APESCH, it crumbles to dust.
It was a scroll of blinking.
The orc hits you with a short sword.
You climb upwards.
There is a stone staircase leading down here.
You feel much better. The orc barely misses you.
You puncture the orc!
The orc explodes!
The fiery explosion engulfs you!
Ouch! That really hurt!
* * * LOW HITPOINT WARNING * * *
You are engulfed in blazing flames.
Ouch! That really hurt!
You die...

###### ####....# ### #.##.##.#
#<# ################§##.##.#
#.# ................@§§.#..#
#.# #############.####§(...#
#[# #.# #..#.## #.# ###
#########'####....#####.#
..###.............#.......#)##
..................#######.#..#
..##...>........).####..#....#
..##.................#..#.#..##
..###...................#.....#


There were no monsters in sight!

Vanquished Creatures
  The ghost of tehllama the Insei, an amateur OpTm (D:3)
  An orc wizard (D:3)
  A worker ant (D:3)
  2 adders
  A worm (D:2)
  4 dart slugs
  5 orcs
  5 bats
  A giant cockroach (D:1)
  6 goblins
  8 hobgoblins
  3 jackals (D:1)
  A kobold (D:3)
  2 quokkas (D:2)
  4 frilled lizards
  10 rats
55 creatures vanquished.

Notes
Turn   | Place    | Note
-------+----------+-------------------------------------------
     0 | D:1      | wolfsongas the Demonspawn Gladiator began the quest for the Orb.
     0 | D:1      | Reached XP level 1. HP: 16/16 MP: 1/1
    62 | D:1      | Reached skill level 3 in Polearms
    73 | D:1      | Gained mutation: You sometimes gain a little power by taking damage. [demonic ancestry]
    73 | D:1      | Reached XP level 2. HP: 20/22 MP: 2/2
   718 | D:2      | Gained mutation: You are immune to rotting. [demonic ancestry]
   718 | D:2      | Reached XP level 3. HP: 6/27 MP: 3/3
  1216 | D:2      | Found a shadowy altar of Dithmenos.
  1315 | D:2      | Found a burning altar of Makhleb.
  1383 | D:2      | Reached skill level 4 in Polearms
  1738 | D:3      | Noticed tehllama's ghost (amateur OpTm)
  1751 | D:3      | Killed tehllama's ghost
  1751 | D:3      | Reached skill level 1 in Armour
  1751 | D:3      | Gained mutation: You have a pair of small antennae on your head. [demonic ancestry]
  1751 | D:3      | Reached XP level 4. HP: 33/33 MP: 4/4
  1980 | D:3      | Reached skill level 5 in Polearms
  1980 | D:3      | Reached XP level 5. HP: 25/38 MP: 5/5
  2262 | D:3      | Found an iron altar of Okawaru.
  2473 | D:2      | HP: 1/38 [orc/exploding inner flame[the player character] (33)]
  2473 | D:2      | Engulfed by a cloud of flame

Vault maps used:
D:1:      zaba_arrival_water
D:2:      lightli_temple_of_fire, grunt_dithmenos_smoke_and_mirrors
D:3:      kennysheep_okawaru_gauntlet

Skill      XL: |  1  2  3  4 |
---------------+-------------+-----
Polearms       | 3 4 5 |  5.3
Armour         | 1 |  1.5
Fighting       | |  2.0
Throwing       | |  1.7
Dodging        | |  2.6
Stealth        | |  0.8

Action                   |  1- 3 |  4- 6 || total
-------------------------+-------+-------++-------
Melee: Trident           |   128 |    60 ||   188
  Use: Scroll            |     3 |     2 ||     5
       Potion            |     3 |     1 ||     4
  Eat: Chunk             |     2 |       ||     2
       Bread ration      |     1 |       ||     1
Armor: Leather armour    |    26 |       ||    26
       Skin              |     7 |       ||     7
       Ring mail         |     2 |    11 ||    13
Dodge: Dodged            |    87 |    22 ||   109
